cohdb
Replays
Latest Replays
All Replays
Popular Replays
Top Player Replays
Match Explorer
How It Works
Community
CoH3 Stats
Reddit
Sign in to upload your games and track your stats! →
Sign in with Steam
Pyrrhic Victory....for him (Check out his finale deathrattle)
Match 29340050
Overview
Messages
Build Orders
End
Construct Barracks
Scout Squad
Riflemen Squad
Riflemen Squad
Construct Medical Station
Selects Special Operations Battlegroup
Selects M29 Weasel with M1 Pack Howitzer
M29 Weasel with M1 Pack Howitzer
Infantry Support Center
Construct Motor Pool
M8 Greyhound Armored Car
M24 Chaffee Light Tank
Selects Raiding Flares
Grenade Package
Riflemen Squad
M1918 Browning Automatic Rifles
Selects SSF Commando Squad
SSF Commando Squad
Engineer Squad
Construct Tank Depot
Selects P-47 Anti-Infantry Loiter
P-47 Anti-Infantry Loiter
M4(105) Sherman Bulldozer
Selects Air Re-supply Operation
M4A1 Sherman Medium Tank
Engineer Squad
M18 Hellcat Tank Destroyer
M4A1 Sherman Medium Tank
Engineer Squad
P-47 Anti-Infantry Loiter
MILFrespecter
DrSpread_Ur_Cheeks
0
0
Comments
sign in to comment!
No comments posted yet!